 Dungeon Crawl Stone Soup version 0.25-a0-942-g87a53962fc (webtiles) character file.

Game seed: 14404429375284875075, levelgen mode: deterministic

378510 mortelune the Sharpshooter (level 21, -25/194 HPs)
             Began as a Centaur Hunter on May 6, 2020.
             Was the Champion of Okawaru.
             Killed from afar by Boris (70 damage)
             ... with an iron shot
             ... on level 3 of the Vaults on May 7, 2020.
             The game lasted 02:46:36 (69332 turns).

mortelune the Sharpshooter (Centaur Hunter)        Turns: 69332, Time: 02:46:37

Health: -25/194    AC: 32    Str: 24    XL:     21   Next: 84%
Magic:  10/10      EV: 10    Int:  5    God:    Okawaru [******]
Gold:   1268       SH:  5    Dex: 13    Spells: 30/33 levels left

rFire    + . .     SeeInvis +   b - +8 dire flail "Zeositan" {antimagic, rElec Dex+2 SInv}
rCold    + . .     Gourm    .   (shield currently unavailable)
rNeg     . . .     Faith    .   F - +3 fire dragon scales {Xtahua}
rPois    .         Spirit   .   S - +2 helmet
rElec    +         Reflect  +   M - scarf {repulsion}
rCorr    .         Harm     .   x - +2 pair of gloves
MR       +++..                  L - +2 centaur barding {rC+}
Stlth    ..........             H - +5 amulet of reflection
HPRegen  0.42/turn              p - +5 ring of protection
MPRegen  0.12/turn              o - ring of Syndicalism {Ice +Blink MR++ Int-5}

@: drained, repel missiles, very quick
A: large, hooves 3, deformed body, speed 2, tough skin 3
}: 2/15 runes: decaying, serpentine
a: Heroism, Finesse, Renounce Religion, Evoke Blink


You were on level 3 of the Vaults.
You worshipped Okawaru.
Okawaru was exalted by your worship.
You were not hungry.

You visited 7 branches of the dungeon, and saw 35 of its levels.
You also visited: Ice Cave and Volcano.

You collected 3523 gold pieces.
You spent 2255 gold pieces at shops.

Inventory:

Hand Weapons
 a - the +5 arbalest of Beofodupli {venom, rElec rC+ Int+3}
   (Okawaru gifted it to you on level 2 of the Vaults)

   It poisons the ammo it fires.
   It affects your intelligence (+3).
   It protects you from cold.
   It insulates you from electricity.
 b - the +8 dire flail "Zeositan" (weapon) {antimagic, rElec Dex+2 SInv}
   (Okawaru gifted it to you in a volcano)

   It reduces the magical energy of the wielder, and disrupts the spells and
   magical abilities of those hit.
   Natural abilities and divine invocations are not affected.
   It affects your dexterity (+2).
   It insulates you from electricity.
   It lets you see invisible.
 j - the +9 triple crossbow of Wuytwil {flame, rC- MR- Dex+9 SInv}
   (Okawaru gifted it to you on level 4 of the Snake Pit)

   It causes projectiles fired from it to burn those they strike, causing extra
   injury to most foes and up to half again as much damage against particularly
   susceptible opponents.
   It affects your dexterity (+9).
   It makes you vulnerable to cold.
   It affects your resistance to hostile enchantments.
   It lets you see invisible.
 C - a +8 triple crossbow of freezing
Missiles
 Q - 1314 bolts
Armour
 g - a +1 centaur barding of flying
 l - a +2 crystal plate armour of cold resistance
 m - the +0 centaur barding "Ennam" {-Tele rN+ MR+}
   (Okawaru gifted it to you on level 11 of the Dungeon)

   It protects you from negative energy.
   It affects your resistance to hostile enchantments.
   It prevents most forms of teleportation.
 w - the +1 ring mail of the Orb Guardian {rN++ Regen+ Str-3 Int+8}
   (You found it on level 15 of the Dungeon)

   It affects your strength (-3).
   It affects your intelligence (+8).
   It greatly protects you from negative energy.
   It increases your rate of regeneration.
 x - a +2 pair of gloves (worn)
 F - +3 fire dragon scales (worn) {Xtahua}
 L - a +2 centaur barding of cold resistance (worn)
 M - a scarf of repulsion (worn)
 S - a +2 helmet (worn)
Jewellery
 o - the ring of Syndicalism (right hand) {Ice +Blink MR++ Int-5}
   (You found it on level 3 of the Lair of Beasts)

   [ring of ice]

   It enhances your ice magic.
   It affects your intelligence (-5).
   It makes you vulnerable to fire.
   It protects you from cold.
   It affects your resistance to hostile enchantments.
   It lets you blink.
 p - a +5 ring of protection (left hand)
 G - an uncursed amulet of guardian spirit
 H - a +5 amulet of reflection (around neck)
 I - the ring of the Komtur {+Fly rPois rCorr}
   (You found it on level 3 of the Snake Pit)

   [ring of resist corrosion]

   It protects you from poison.
   It lets you fly.
   It provides partial protection from all sources of acid and corrosion.
 R - an uncursed amulet of regeneration
 X - the ring of Wariness {Fire rPois Slay+2}
   (You bought it in a shop on level 9 of the Dungeon)

   [ring of fire]

   It enhances your fire magic.
   It affects your accuracy and damage with ranged weapons and melee attacks
   (+2).
   It protects you from fire.
   It makes you vulnerable to cold.
   It protects you from poison.
Wands
 d - a wand of clouds (7)
 q - a wand of iceblast (29)
 D - a wand of digging (16)
 Z - a wand of acid (11)
Scrolls
 e - 2 scrolls of fear
 f - 3 scrolls of fog
 i - 2 scrolls of identify
 n - 2 scrolls of magic mapping
 s - 8 scrolls of enchant armour
 t - 8 scrolls of teleportation
 v - 2 scrolls of brand weapon
 A - 17 scrolls of remove curse
 B - 2 scrolls of blinking
 O - 6 scrolls of amnesia
 U - 4 scrolls of immolation
 V - 3 scrolls of silence
Potions
 h - 4 potions of flight
 k - 3 potions of magic
 r - 14 potions of curing
 y - a potion of haste
 z - 6 potions of lignification
 E - 3 potions of cancellation
 J - 6 potions of might
 K - 4 potions of berserk rage
 N - 4 potions of heal wounds
 T - 6 potions of brilliance
 W - 4 potions of resistance
 Y - 4 potions of mutation
Miscellaneous
 P - a phantom mirror
Comestibles
 u - 40 rations


   Skills:
 + Level 18.1(17.0) Fighting
 - Level 14.0(13.0) Maces & Flails
 - Level 18.8(17.7) Crossbows
 - Level 9.6(8.7) Armour
 + Level 9.9(9.0) Dodging
 - Level 0.4(0.0) Stealth
 + Level 6.5(5.7) Spellcasting
 - Level 9.9(9.0) Translocations
 - Level 8.0(7.1) Invocations
 - Level 8.4(7.6) Evocations


You had 30 spell levels left.
You knew the following spells:

 Your Spells              Type           Power        Failure   Level  Hunger
a - Apportation           Tloc           ##....       1%          1    ##.....
b - Blink                 Tloc           N/A          2%          2    ###....

Your spell library contained the following spells:

 Spells                   Type           Power        Failure   Level  Hunger
 Gell's Gravitas          Tloc           ##........   5%          3    ####...
 Lesser Beckoning         Tloc           ##........   5%          3    ####...
 Shroud of Golubria       Chrm/Tloc      #.....       19%         2    ###....
 Animate Skeleton         Necr           N/A          58%         1    ##.....
 Corona                   Hex            #......      58%         1    ##.....
 Foxfire                  Conj/Fire      #...         58%         1    ##.....
 Freeze                   Ice            #...         58%         1    ##.....
 Infusion                 Chrm           #...         58%         1    ##.....
 Magic Dart               Conj           #...         58%         1    ##.....
 Pain                     Necr           #...         58%         1    ##.....
 Shock                    Conj/Air       #...         58%         1    ##.....
 Sting                    Tmut/Pois      #...         58%         1    ##.....
 Summon Butterflies       Summ           #.......     58%         1    ##.....
 Summon Small Mammal      Summ           #...         58%         1    ##.....
 Call Imp                 Summ           #.......     75%         2    ###....
 Ensorcelled Hibernation  Hex/Ice        #.....       75%         2    ###....
 Poisonous Vapours        Pois/Air       #.....       75%         2    ###....
 Searing Ray              Conj           #.....       75%         2    ###....
 Slow                     Hex            #.......     75%         2    ###....
 Song of Slaying          Chrm           #.......     75%         2    ###....
 Swiftness                Chrm/Air       #.......     75%         2    ###....
 Iskenderun's Mystic Bla  Conj/Tloc      #.......     75%         4    #####..
 Call Canine Familiar     Summ           #.......     92%         3    ####...
 Confusing Touch          Hex            #.......     92%         3    ####...
 Conjure Flame            Conj/Fire      #.......     92%         3    ####...
 Dazzling Flash           Conj/Hex       #.....       92%         3    ####...
 Frozen Ramparts          Ice            #.....       92%         3    ####...
 Ignite Poison            Fire/Tmut/Pois #.......     92%         3    ####...
 Mephitic Cloud           Conj/Pois/Air  #.......     92%         3    ####...
 Ozocubu's Armour         Chrm/Ice       #.......     92%         3    ####...
 Spectral Weapon          Hex/Chrm       #.......     92%         3    ####...
 Static Discharge         Conj/Air       #.......     92%         3    ####...
 Summon Guardian Golem    Hex/Summ       #.......     92%         3    ####...
 Tukima's Dance           Hex            #.......     92%         3    ####...
 Vampiric Draining        Necr           #.........   92%         3    ####...
 Airstrike                Air            #.........   100%        4    #####..
 Animate Dead             Necr           N/A          100%        4    #####..
 Cause Fear               Hex            #.........   100%        4    #####..
 Fulminant Prism          Conj/Hex       #.........   100%        4    #####..
 Hailstorm                Conj/Ice       #.......     100%        4    #####..
 Olgreb's Toxic Radiance  Pois           #.......     100%        4    #####..
 Petrify                  Tmut/Erth      #.......     100%        4    #####..
 Summon Ice Beast         Ice/Summ       #.......     100%        4    #####..
 Summon Lightning Spire   Summ/Air       #.......     100%        4    #####..
 Agony                    Necr           #.......     100%        5    ######.
 Alistair's Intoxication  Tmut/Pois      #.......     100%        5    ######.
 Bolt of Magma            Conj/Fire/Erth #.........   100%        5    ######.
 Fireball                 Conj/Fire      #.........   100%        5    ######.
 Iskenderun's Battlesphe  Conj/Chrm      #.......     100%        5    ######.
 Lightning Bolt           Conj/Air       #.........   100%        5    ######.
 Metabolic Englaciation   Hex/Ice        #.........   100%        5    ######.
 Silence                  Hex/Air        #.........   100%        5    ######.
 Yara's Violent Unravell  Hex/Tmut       #.........   100%        5    ######.
 Freezing Cloud           Conj/Ice/Air   #.........   100%        6    #######
 Invisibility             Hex            #.......     100%        6    #######
 Iron Shot                Conj/Erth      #.........   100%        6    #######
 Starburst                Conj/Fire      #.........   100%        6    #######
 Dragon Form              Tmut           #.........   100%        7    #######
 Orb of Destruction       Conj           #.........   100%        7    #######
 Ring of Flames           Chrm/Fire      #.........   100%        7    #######
 Spellforged Servitor     Conj/Summ      #.........   100%        7    #######
 Discord                  Hex            #.........   100%        8    #######
 Ignition                 Fire           #.........   100%        8    #######
 Dragon's Call            Summ           #.........   100%        9    #######


Dungeon Overview and Level Annotations

Branches:
Dungeon (15/15)            Temple (1/1) D:4            Lair (6/6) D:11
  Swamp (4/4) Lair:2        Snake (4/4) Lair:4        Slime (0/5) Lair:6
    Orc (2/2) D:10            Elf (0/3) Orc:2        Vaults (3/5) D:14
  Crypt (0/3) Vaults:3     Depths (0/5) D:15          IceCv (visited)
Volcano (visited)

Altars:
Ashenzari
Cheibriados
Dithmenos
Elyvilon
Fedhas
Gozag
Hepliaklqana
Kikubaaqudgha
Makhleb
Nemelex Xobeh
Okawaru
Qazlal
Ru
Sif Muna
Trog
Uskayaw
Vehumet
Wu Jian
Xom
Yredelemnul
Zin
The Shining One
Beogh

Shops:
D:2 *   D:9 =   D:15 (   Orc:2 :?!*   Snake:2 =   Vaults:2 [   Vaults:3 =

Annotations:
D:11 2 transporters
D:12 truc bizarre
Swamp:2 3 runed translucent doors, ra1n577's ghost, adept MiFi
Swamp:3 Roxanne
Snake:2 3 runed translucent doors, Flugkiller's ghost, journeyman FeEn; Fyemash's ghost, adept DsBe; Hainim's ghost, journeyman OpVM
Vaults:3 Boris


Innate Abilities, Weirdness & Mutations

You have hooves in place of feet.
Armour fits poorly on your strangely shaped body.
You cover ground very quickly.
You have extremely tough skin. (AC +3)


Message History

The wavering orb of destruction weakly hits you!!
Something hits you. Something touches you.
You clumsily bash something but do no damage.
You kick something!
You hear some strange, mumbled words.
An iron shot appears from out of thin air!
The iron shot hits you!!!
* * * LOW HITPOINT WARNING * * *
You feel much better. Something hits you but does no damage.
Something touches you.
* * * LOW HITPOINT WARNING * * *
You feel drained.
The +5 arbalest of Beofodupli {venom, rElec rC+ Int+3} stops dripping with poison.
Reactivating autopickup.
You feel agile.
You feel magic leave you.
b - the +8 dire flail "Zeositan" (weapon)
{antimagic, rElec Dex+2 SInv} Boris casts a spell at you.
The iron shot hits you!!!
You die...

#..(....# ........
#..(....# ........
#.......##########'
#..)...............
#..)...............
#..).......########
+.)).....((#
#..(.((....#
#.@........#
#.L........#
#..(.......#
#..(.......#
#...(......#
#..((......#
#.)........#
#..(.......#
#..........#


You could see Boris (invisible).

Vanquished Creatures
  Bai Suzhen (Swamp:3)
  Xtahua (Vaults:3)
  Nikola (Swamp:2)
  A bone dragon (Swamp:4)
  Rupert (Lair:4)
  Donald (Snake:3)
  Kirke (Swamp:2)
  4 thorn hunters
  A tengu reaver (Vaults:1)
  8 nagarajas
  A deep elf sorcerer (Vaults:2)
  5 vault wardens
  Aizul (Swamp:2)
  The ghost of Hitos the Summoner, a journeyman DrSu of Sif Muna (Snake:3)
  A caustic shrike zombie (D:15)
  5 ironheart preservers
  A reaper (IceCv)
  2 stone giants
  Nessos (Lair:6)
  2 deep elf demonologists
  3 deep elf death magi
  An eidolon (Vaults:3)
  2 ettins
  5 ogre magi
  6 yaktaur captains
  The ghost of Deatesutut the Harbinger of Death, a journeyman MiFi of Yredelemnul (Lair:3)
  A rakshasa (Vaults:3)
  6 vault guards
  24 hydras
  15 anacondas
  An ice dragon (Vaults:2)
  19 naga warriors
  Harold (D:10)
  9 centaur warriors
  5 shambling mangroves
  8 alligators
  2 ghost crabs (Swamp:4)
  30 two-headed ogres
  4 death yaks
  A deep troll earth mage (Vaults:2)
  2 tengu warriors
  17 naga sharpshooters
  2 deep elf knights (Vaults:3)
  9 shock serpents
  2 vampire magi
  Sonja (Orc:1)
  2 shadow wraiths
  An iron troll (D:14)
  A glowing orange brain (Vaults:3)
  A skeletal warrior (D:15)
  A flayed ghost (Vaults:2)
  A spriggan druid (Swamp:3)
  8 salamander mystics
  4 deep trolls (Vaults:2)
  2 sea snakes (Snake:4)
  7 swamp dragons
  4 unseen horrors (D:14)
  A deep elf archer (Vaults:2)
  A wizard (Vaults:3)
  6 lindwurms
  2 spectral hydras (Swamp:4)
  8 naga ritualists
  3 ironbrand convokers
  2 necromancers
  2 phantasmal warriors
  5 harpies (Vaults:2)
  11 mana vipers
  An orb spider (shapeshifter) (Vaults:1)
  20 ugly things
  14 orc knights
  2 oklob plants (Lair:2)
  3 deep elf magi
  2 orc sorcerers
  2 manticores
  17 salamanders
  2 ice statues (IceCv)
  36 black mambas
  A guardian serpent (shapeshifter) (D:14)
  26 naga magi
  5 cyclopes
  9 elephants
  10 guardian serpents
  Maurice (D:8)
  9 vault sentinels
  A black mamba (shapeshifter) (D:13)
  3 centaur skeletons
  37 spiny frogs
  A gargoyle (D:15)
  3 swamp worm zombies (Swamp:4)
  A spiny frog (shapeshifter) (Vaults:1)
  13 komodo dragons
  3 rime drakes
  2 freezing wraiths
  27 yaktaurs
  A tengu conjurer (D:15)
  7 ice devils (IceCv)
  A small abomination (Vaults:3)
  20 tyrant leeches
  A guardian mummy (D:15)
  6 meliai
  4 hydra zombies (Swamp:4)
  A merfolk (shapeshifter) (D:14)
  3 polar bears
  A polar bear (shapeshifter) (Vaults:2)
  A wind drake (shapeshifter) (Vaults:1)
  4 trolls
  15 hippogriffs
  35 blink frogs
  6 bog bodies
  35 slime creatures
  An ice dragon zombie (D:15)
  3 spectral swamp dragons (Swamp:4)
  11 dream sheep
  20 hornets
  3 alligator zombies (Swamp:4)
  A blink frog (shapeshifter) (Vaults:2)
  A frost giant simulacrum (Vaults:1)
  An ettin zombie (D:15)
  5 wyverns
  4 shadows
  Sigmund (D:5)
  6 spriggans
  41 yaks
  2 wraiths
  9 hogs
  3 basilisks
  A basilisk (shapeshifter) (Vaults:2)
  2 fire bats (Volcano)
  A human (D:9)
  Grum (D:11)
  Menkaure (D:4)
  5 acid dragons
  26 vampire mosquitoes
  10 wargs
  59 nagas
  11 insubstantial wisps
  A tengu zombie (D:15)
  14 swamp worms
  Duvessa (D:5)
  10 water moccasins
  2 hell hounds (Volcano)
  6 porcupines
  A sky beast (D:11)
  3 swamp dragon zombies (Swamp:4)
  66 orc warriors
  2 ice beasts
  11 phantoms
  3 swamp drakes
  An eye of draining (D:15)
  23 ogres
  A necrophage (D:7)
  6 boggarts
  6 wolves
  26 centaurs
  11 crocodiles
  2 big kobolds
  26 bullfrogs
  A wyvern zombie (D:10)
  Dowan (D:5)
  2 wyvern skeletons
  4 scorpions
  A water moccasin skeleton (D:8)
  5 killer bees
  2 electric eels
  11 wights
  3 vampire bats (D:2)
  7 howler monkeys
  6 crimson imps
  A bullfrog zombie (D:9)
  A quasit (D:7)
  13 orc priests
  7 hounds
  Crazy Yiuf (D:2)
  A gnoll shaman (D:8)
  3 iron imps (D:9)
  8 jellies
  16 orc wizards
  Jessica (D:2)
  Terence (D:2)
  3 iguanas
  A spectral swamp drake (Swamp:4)
  4 hell rats (Lair:5)
  9 worker ants
  2 howler monkey zombies
  A howler monkey skeleton (D:10)
  9 gnolls
  2 swamp drake zombies (Swamp:4)
  6 adders
  10 river rats (Lair:5)
  A shadow imp (D:9)
  12 white imps (IceCv)
  6 ufetubi (IceCv)
  2 oozes
  A worm (D:3)
  2 dart slugs
  9 leopard geckos
  96 orcs
  3 ball pythons
  7 bats
  3 bat skeletons (D:2)
  2 bat zombies (D:2)
  8 giant cockroaches
  9 goblins
  11 hobgoblins
  4 jackals (D:5)
  4 quokkas
  6 frilled lizards
  17 kobolds
  A quokka skeleton (D:4)
  11 rats
  A crawling corpse (Vaults:3)
1492 creatures vanquished.

Vanquished Creatures (others)
  2 yaktaurs (Vaults:3)
  2 white imps (IceCv)
  3 ufetubi (IceCv)
  A briar patch (Swamp:4)
  A bush (Lair:5)
  10 fungi
  73 plants
  5 toadstools (D:13)
  7 withered plants
104 creatures vanquished.

Grand Total: 1596 creatures vanquished

Notes
Turn   | Place    | Note
-------+----------+-------------------------------------------
     0 | D:1      | mortelune the Centaur Hunter began the quest for the Orb.
     0 | D:1      | Reached XP level 1. HP: 17/17 MP: 1/1
   551 | D:1      | Reached XP level 2. HP: 22/25 MP: 2/2
  1515 | D:1      | Reached skill level 5 in Crossbows
  1515 | D:1      | Reached XP level 3. HP: 30/30 MP: 3/3
  1845 | D:2      | Found a snail-covered altar of Cheibriados.
  1872 | D:2      | Noticed Jessica
  1875 | D:2      | Killed Jessica
  2014 | D:2      | Reached XP level 4. HP: 35/38 MP: 4/4
  2394 | D:2      | You fall into a shaft and drop 1 floor!
  2735 | D:2      | Noticed Terence
  2754 | D:2      | Reached XP level 5. HP: 39/46 MP: 5/5
  2793 | D:2      | Killed Terence
  2893 | D:2      | Found an ancient bone altar of Kikubaaqudgha.
  2982 | D:2      | Reached XP level 6. HP: 38/53 MP: 6/6
  3112 | D:2      | Found Zin's Purification Station.
  3115 | D:2      | Found a glowing silver altar of Zin.
  3266 | D:2      | Found a runed translucent door.
  3267 | D:2      | Noticed Crazy Yiuf
  3600 | D:2      | Killed Crazy Yiuf
  3921 | D:3      | Found a blossoming altar of Fedhas.
  3998 | D:3      | Found a stormy altar of Qazlal.
  4162 | D:3      | Found a shadowy altar of Dithmenos.
  4278 | D:3      | Reached skill level 5 in Fighting
  4465 | D:3      | Found a shimmering altar of Xom.
  4476 | D:3      | Found a shimmering altar of Xom.
  4476 | D:3      | Found a shimmering altar of Xom.
  4476 | D:3      | Found a shimmering altar of Xom.
  4479 | D:3      | Found a shimmering altar of Xom.
  5112 | D:4      | Noticed Menkaure
  5305 | D:4      | Killed Menkaure
  5305 | D:4      | Reached XP level 7. HP: 62/62 MP: 7/7
  5328 | D:4      | Found a staircase to the Ecumenical Temple.
  5457 | D:4      | Found a glowing golden altar of the Shining One.
  5497 | Temple   | Entered the Ecumenical Temple
  5714 | Temple   | Became a worshipper of Warmaster Okawaru
  5746 | D:4      | Got a translucent whip
  5747 | D:4      | Identified the +10 whip of Yredelemnul's Hope {venom,
                  | Int+5} (You found it on level 4 of the Dungeon)
  5805 | D:4      | Reached skill level 1 in Maces & Flails
  6290 | D:5      | Entered Level 5 of the Dungeon
  6313 | D:5      | Noticed Duvessa
  6313 | D:5      | Noticed Dowan
  6341 | D:5      | Killed Duvessa
  6534 | D:5      | Noticed Sigmund
  6664 | D:5      | Reached * piety under Okawaru
  6664 | D:5      | Reached XP level 8. HP: 66/71 MP: 8/8
  6689 | D:5      | Noticed a two-headed ogre
  6735 | D:4      | Killed a two-headed ogre
  6735 | D:4      | Reached ** piety under Okawaru
  6735 | D:4      | Reached skill level 5 in Maces & Flails
  7065 | D:5      | Reached *** piety under Okawaru
  7163 | D:5      | Found a basalt altar of Yredelemnul.
  7214 | D:5      | Killed Sigmund
  7214 | D:5      | Reached XP level 9. HP: 79/79 MP: 9/9
  7287 | D:5      | Found a white marble altar of Elyvilon.
  8153 | D:5      | Killed Dowan
  8217 | D:5      | Reached **** piety under Okawaru
  8882 | D:7      | Found a blossoming altar of Fedhas.
  9181 | D:7      | Received a gift from Okawaru
  9424 | D:7      | Reached ***** piety under Okawaru
  9424 | D:7      | Reached skill level 10 in Crossbows
  9664 | D:8      | Reached XP level 10. HP: 88/88 MP: 10/10
  9805 | D:8      | Noticed a two-headed ogre
  9828 | D:8      | Killed a two-headed ogre
 10208 | D:8      | Noticed Maurice
 10312 | D:8      | Killed Maurice
 10312 | D:8      | Received a gift from Okawaru
 10438 | D:8      | Received a gift from Okawaru
 10614 | D:8      | Found a white marble altar of Elyvilon.
 11180 | D:9      | Found an ornate altar of the Wu Jian Council.
 11180 | D:9      | Found an opulent altar of Gozag.
 11261 | D:9      | Reached skill level 1 in Armour
 11487 | D:9      | Noticed a two-headed ogre
 11514 | D:9      | Killed a two-headed ogre
 11514 | D:9      | Reached ****** piety under Okawaru
 11514 | D:9      | Received a gift from Okawaru
 11514 | D:9      | Reached XP level 11. HP: 95/95 MP: 11/11
 12084 | D:9      | Found a burning altar of Makhleb.
 12262 | D:9      | Noticed a two-headed ogre
 12274 | D:9      | Killed a two-headed ogre
 12274 | D:9      | Reached skill level 10 in Maces & Flails
 12525 | D:9      | Found Xuedisa's Jewellery Shoppe.
 12606 | D:10     | Entered Level 10 of the Dungeon
 12817 | D:10     | Noticed Harold
 12827 | D:10     | Killed Harold
 13023 | D:10     | Reached skill level 1 in Invocations
 13164 | D:10     | Reached skill level 10 in Fighting
 13643 | D:10     | Found a staircase to the Orcish Mines.
 13653 | D:10     | Found a roughly hewn altar of Beogh.
 14244 | D:11     | Found a staircase to the Lair.
 14284 | D:11     | Noticed a two-headed ogre
 14293 | D:11     | Killed a two-headed ogre
 14293 | D:11     | Received a gift from Okawaru
 14444 | D:11     | Noticed an orc knight
 14445 | D:11     | Noticed an ettin
 14450 | D:11     | Noticed a two-headed ogre
 14454 | D:11     | Found a transporter.
 14454 | D:11     | Found a transporter.
 14461 | D:11     | a two-headed ogre changed into a swamp worm
 14657 | D:11     | Received a gift from Okawaru
 14666 | D:11     | Got a polished centaur barding {god gift}
 14677 | D:11     | Identified the +0 centaur barding "Ennam" {-Tele rN+ MR+}
                  | (Okawaru gifted it to you on level 11 of the Dungeon)
 15034 | D:11     | Noticed Grum
 15107 | D:11     | Killed Grum
 15441 | D:9      | Bought the ring of Wariness {Fire rPois Slay+2} for 669
                  | gold pieces
 15514 | Lair:1   | Entered Level 1 of the Lair of Beasts
 15951 | Lair:1   | Noticed a five-headed hydra
 15957 | Lair:1   | Killed a five-headed hydra
 15957 | Lair:1   | Reached XP level 12. HP: 98/104 MP: 15/15
 16652 | Lair:1   | Reached skill level 5 in Invocations
 17100 | Lair:2   | Found a frozen archway.
 17123 | IceCv    | Entered an ice cave
 18044 | IceCv    | Noticed a reaper
 18057 | IceCv    | Killed a reaper
 18590 | IceCv    | Got a transparent demon blade
 18923 | IceCv    | Identified the cursed +3 demon blade "Kura" {venom, Int+3}
                  | (You found it in an ice cave)
 19475 | Lair:2   | Noticed an eight-headed hydra
 19486 | Lair:2   | Found a staircase to the Swamp.
 19957 | Lair:2   | Killed an eight-headed hydra
 19959 | Lair:2   | Received a gift from Okawaru
 21817 | Lair:3   | Received a gift from Okawaru
 21952 | Lair:3   | Reached XP level 13. HP: 80/114 MP: 19/19
 22524 | Lair:3   | Found a runed translucent gate.
 22525 | Lair:3   | Found a runed translucent gate.
 22525 | Lair:3   | Found a runed translucent gate.
 22526 | Lair:3   | Noticed Deatesutut's ghost (journeyman MiFi)
 22653 | Lair:3   | Killed Deatesutut's ghost
 22858 | Lair:3   | Got a wavering silver ring
 22881 | Lair:3   | Identified the ring of Syndicalism {Ice +Blink MR++ Int-5}
                  | (You found it on level 3 of the Lair of Beasts)
 23035 | Lair:3   | Received a gift from Okawaru
 23326 | Lair:3   | Reached skill level 1 in Evocations
 23874 | Lair:4   | Found a staircase to the Snake Pit.
 23874 | Lair:4   | Found an opulent altar of Gozag.
 23894 | Lair:3   | Reached skill level 5 in Armour
 24693 | Lair:4   | Noticed Rupert
 25240 | Lair:4   | Killed Rupert
 25240 | Lair:4   | Received a gift from Okawaru
 27137 | Lair:5   | Reached skill level 5 in Evocations
 27817 | Lair:5   | Reached XP level 14. HP: 106/123 MP: 20/20
 28055 | Lair:5   | Received a gift from Okawaru
 28337 | Lair:6   | Entered Level 6 of the Lair of Beasts
 28337 | Lair:6   | Found a staircase to the Slime Pits.
 30325 | Lair:6   | Received a gift from Okawaru
 30780 | Lair:6   | Received a gift from Okawaru
 31285 | Lair:6   | Received a gift from Okawaru
 31916 | Lair:6   | Noticed Nessos
 31945 | Lair:5   | HP: 5/124 [poisoned by Nessos]
 32396 | Lair:6   | Killed Nessos
 33321 | Orc:1    | Entered Level 1 of the Orcish Mines
 33344 | Orc:1    | Noticed Sonja
 33366 | Orc:1    | Killed Sonja
 33495 | Orc:2    | Entered Level 2 of the Orcish Mines
 33518 | Orc:2    | Found a dark tunnel.
 33526 | Volcano  | Entered a volcano
 33555 | Volcano  | Received a gift from Okawaru
 33614 | Volcano  | Got a fine dire flail {god gift}
 33615 | Volcano  | Identified the +8 dire flail "Zeositan" {antimagic, rElec
                  | Dex+2 SInv} (Okawaru gifted it to you in a volcano)
 34495 | Orc:2    | Found a burning altar of Makhleb.
 35181 | Orc:2    | Found a roughly hewn altar of Beogh.
 35625 | Orc:2    | Found Gaphyruz's Magic Scroll Boutique.
 35840 | Orc:2    | Found Idycwim's Book Shoppe.
 36219 | Orc:1    | Reached XP level 15. HP: 105/134 MP: 7/21
 36665 | Orc:2    | Found a staircase to the Elven Halls.
 36775 | Orc:2    | Found Hekop's Distillery.
 36775 | Orc:2    | Found Reug's Assorted Antiques.
 36789 | Orc:2    | Bought a sedimented black potion for 24 gold pieces
 36789 | Orc:2    | Bought a scroll labeled BAETHA IVAORA for 27 gold pieces
 36790 | Orc:2    | Identified a scroll of acquirement
 36800 | Orc:2    | Identified the +0 centaur barding "Teas" {rElec} (You
                  | acquired it on level 2 of the Orcish Mines)
 37062 | Orc:2    | Bought a scroll of holy word for 112 gold pieces
 37062 | Orc:2    | Bought a scroll of identify for 30 gold pieces
 37062 | Orc:2    | Bought a scroll of identify for 30 gold pieces
 37068 | Orc:2    | Bought a scroll of fear for 52 gold pieces
 37068 | Orc:2    | Bought a scroll of blinking for 112 gold pieces
 37068 | Orc:2    | Bought a scroll of blinking for 112 gold pieces
 37102 | Orc:2    | Bought 2 potions of flight for 84 gold pieces
 37102 | Orc:2    | Bought a potion of curing for 42 gold pieces
 37102 | Orc:2    | Bought a potion of might for 56 gold pieces
 37102 | Orc:2    | Bought a potion of cancellation for 112 gold pieces
 37102 | Orc:2    | Bought a potion of mutation for 112 gold pieces
 37102 | Orc:2    | Bought a potion of resistance for 140 gold pieces
 37102 | Orc:2    | Bought a potion of curing for 42 gold pieces
 37394 | Orc:1    | Found a roughly hewn altar of Beogh.
 38237 | D:12     | Found a runed translucent door.
 38275 | D:12     | Found a runed translucent door.
 38640 | D:12     | Found a runed translucent door.
 38827 | D:13     | Received a gift from Okawaru
 42055 | D:14     | Found a gate to the Vaults.
 42093 | D:15     | Entered Level 15 of the Dungeon
 42093 | D:15     | Found Cuiwyfuo's Antique Weapon Emporium.
 43273 | D:15     | Found a staircase to the Depths.
 43477 | D:15     | Received a gift from Okawaru
 43681 | D:15     | Found an opulent altar of Gozag.
 43718 | D:15     | Reached skill level 15 in Crossbows
 43829 | D:15     | Received a gift from Okawaru
 44096 | D:15     | Reached XP level 16. HP: 144/144 MP: 22/22
 44245 | D:14     | HP: 7/144 [meliai/+2 vorpal hand axe (6)]
 45195 | D:15     | Got a translucent ring mail
 45206 | D:15     | Identified the +1 ring mail of the Orb Guardian {rN++
                  | Regen+ Str-3 Int+8} (You found it on level 15 of the
                  | Dungeon)
 45215 | D:15     | Got a faintly glowing robe
 45226 | D:15     | Identified the +3 robe "Aptaarph" {MP+9 Str+5 Int+4} (You
                  | found it on level 15 of the Dungeon)
 45457 | Swamp:1  | Entered Level 1 of the Swamp
 46226 | Swamp:1  | Received a gift from Okawaru
 46838 | Swamp:2  | Received a gift from Okawaru
 47094 | Swamp:2  | Noticed Aizul
 47203 | Swamp:2  | Killed Aizul
 47348 | Swamp:2  | Found a runed translucent gate.
 47348 | Swamp:2  | Found a runed translucent gate.
 47348 | Swamp:2  | Found a runed translucent gate.
 47610 | Swamp:2  | Noticed ra1n577's ghost (adept MiFi)
 47712 | Swamp:2  | Noticed Kirke
 47717 | Swamp:2  | Noticed a sphinx
 47892 | Swamp:2  | Noticed a thorn hunter
 47898 | Swamp:2  | Killed a thorn hunter
 48210 | Swamp:2  | Noticed Nikola
 48222 | Swamp:2  | Killed Nikola
 48348 | Swamp:2  | Killed Kirke
 48987 | Swamp:3  | Identified Roxanne's Reference Book on Clay
 48987 | Swamp:3  | Noticed Roxanne
 49277 | Swamp:3  | Noticed Bai Suzhen
 49475 | Swamp:3  | Killed Bai Suzhen
 49482 | Swamp:3  | Received a gift from Okawaru
 49821 | Swamp:3  | Reached XP level 17. HP: 90/154 MP: 10/23
 50021 | Swamp:2  | Reached XP level 18. HP: 161/161 MP: 11/24
 50022 | Swamp:2  | Reached XP level 19. HP: 168/168 MP: 11/25
 50171 | Swamp:3  | Identified the +1 robe "Omyis" {rN+ Str+4} (You found it on
                  | level 3 of the Swamp)
 50560 | Swamp:4  | Entered Level 4 of the Swamp
 50652 | Swamp:4  | Received a gift from Okawaru
 51163 | Swamp:4  | Received a gift from Okawaru
 51718 | Swamp:4  | Reached skill level 15 in Fighting
 52946 | Swamp:4  | Received a gift from Okawaru
 52998 | Swamp:4  | Noticed a bone dragon
 53028 | Swamp:4  | Killed a bone dragon
 53074 | Swamp:4  | Got a decaying rune of Zot
 53332 | Snake:1  | Entered Level 1 of the Snake Pit
 53528 | Snake:1  | Received a gift from Okawaru
 53553 | Snake:1  | Learned a level 1 spell: Apportation
 53556 | Snake:1  | Learned a level 2 spell: Blink
 53812 | Snake:1  | Reached skill level 1 in Translocations
 54205 | Snake:1  | Identified the +7 dagger of Odeo {pain, Dex+6} (You found
                  | it on level 1 of the Snake Pit)
 55146 | Snake:2  | Found a runed translucent gate.
 55155 | Snake:2  | Found a runed translucent gate.
 55155 | Snake:2  | Noticed Fyemash's ghost (adept DsBe)
 55155 | Snake:2  | Noticed Flugkiller's ghost (journeyman FeEn)
 55156 | Snake:2  | Found a runed translucent gate.
 55156 | Snake:2  | Noticed Hainim's ghost (journeyman OpVM)
 55157 | Snake:2  | Found the +1 cloak of Starlight {rElec rC+ EV+4 Stlth--}
 55327 | Snake:2  | Found Aru Siy's Jewellery Emporium.
 55342 | Snake:2  | Reached skill level 5 in Dodging
 55451 | Snake:2  | Bought the ring "Huxunaz" {rPois rF+ Stlth+} for 499 gold
                  | pieces
 55870 | Snake:2  | Identified the +1 scimitar of Victory {vorpal, rN++ Dex+2}
                  | (You found it on level 2 of the Snake Pit)
 56059 | Snake:3  | Received a gift from Okawaru
 56068 | Snake:3  | Reached skill level 5 in Translocations
 56256 | Snake:3  | Noticed Donald
 56262 | Snake:3  | Killed Donald
 56453 | Snake:3  | Found a runed translucent door.
 56454 | Snake:3  | Noticed Hitos's ghost (journeyman DrSu)
 57382 | Snake:3  | Killed Hitos's ghost
 57387 | Snake:3  | Got a translucent iron ring
 57392 | Snake:3  | Identified the ring of the Komtur {+Fly rPois rCorr} (You
                  | found it on level 3 of the Snake Pit)
 57430 | Snake:4  | Entered Level 4 of the Snake Pit
 57444 | Snake:4  | Reached XP level 20. HP: 152/177 MP: 8/26
 57461 | Snake:4  | Received a gift from Okawaru
 58088 | Snake:4  | Received a gift from Okawaru
 59066 | Snake:4  | Received a gift from Okawaru
 59069 | Snake:4  | Got a dazzling triple crossbow {god gift}
 59071 | Snake:4  | Identified the +9 triple crossbow of Wuytwil {flame, rC-
                  | MR- Dex+9 SInv} (Okawaru gifted it to you on level 4 of the
                  | Snake Pit)
 60582 | Snake:4  | Received a gift from Okawaru
 60914 | Snake:4  | Received a gift from Okawaru
 61461 | Snake:4  | Reached skill level 1 in Spellcasting
 61727 | Snake:4  | Got a serpentine rune of Zot
 62123 | Vaults:1 | Entered Level 1 of the Vaults
 62328 | Vaults:1 | Received a gift from Okawaru
 63260 | Vaults:1 | Reached XP level 21. HP: 164/188 MP: 9/27
 63763 | Vaults:1 | You fall into a shaft and drop 1 floor!
 63849 | Vaults:2 | Found Haimp's Antique Armour Boutique.
 64342 | Vaults:2 | Received a gift from Okawaru
 65438 | Vaults:2 | Received a gift from Okawaru
 65447 | Vaults:2 | Reached skill level 5 in Spellcasting
 65453 | Vaults:2 | Identified the +7 whip "Qielecla" {venom, rN++ Dex+3}
 65956 | Vaults:2 | Received a gift from Okawaru
 66004 | Vaults:2 | Got a slimy arbalest {god gift}
 66006 | Vaults:2 | Identified the +5 arbalest of Beofodupli {venom, rElec rC+
                  | Int+3} (Okawaru gifted it to you on level 2 of the Vaults)
 68093 | Vaults:3 | Found a staircase to the Crypt.
 68113 | Vaults:3 | Found Yrude's Jewellery Shop.
 68685 | Vaults:3 | Received a gift from Okawaru
 68855 | Vaults:3 | Noticed Xtahua
 68921 | Vaults:3 | Killed Xtahua
 69320 | Vaults:3 | Noticed Boris
 69332 | Vaults:3 | Killed from afar by Boris

Levels and vault maps discovered:
D:1:      dpeg_arrival_chambers_temple_mockup, layout_basic
D:2:      layout_basic, old_standard_altar, zin_purify,
          kennysheep_vampire_church, uniq_terence, uniq_jessica,
          uniq_crazy_yiuf_cottage
D:3:      layout_loops_ring, grunt_temple_overflow_forces_of_nature,
          lemuel_doored_altar, xom_redecorated, minmay_quadrilaterals
D:4:      layout_loops_ring, tso_oasis_becter,
          minmay_temple_entry_drinking_statues, first_ration, uniq_menkaure
D:5:      layout_cave_pools, elyvilon_altar_1, basic_altar, uniq_sigmund,
          uniq_duvessa
D:6:      layout_gridville
D:7:      layout_basic, basic_altar
D:8:      layout_basic, basic_altar, uniq_maurice
D:9:      layout_stronghold, demons_altar, gammafunk_temple_overflow_wave,
          serial_shops, shop, serial_glass, glass_columns_a, glass_columns_c,
          glass_columns_b, glass_columns_b, grunt_livestock,
          corexii_corridor_pit
D:10:     layout_basic, minmay_orc_entry_temple_small, uniq_harold
D:11:     gammafunk_sealed_arena, layout_layer_cave, erik_lair_orcish_takeover,
          uniq_grum
D:12:     layout_roguey, minmay_misc_feat_secret_circle, mikee_hates_you
D:13:     layout_roguey, minmay_gold_behind_fungi
D:14:     layout_loops_ring, david_vaults_4, nicolae_sextant, minivault_23,
          evilmike_minifort
D:15:     gammafunk_depths_entry_grave, layout_rooms, serial_shops,
          nicolae_shop_overgrown_old_shop, corexii_leaking_fountain, basic_altar
Temple:   dpeg_chambers_temple
Lair:1:   layout_cave_pods, serial_rivers, chequers_serial_rivers_small_b,
          chequers_serial_rivers_small_b, chequers_serial_rivers_large_b,
          chequers_serial_rivers_small_a, chequers_serial_rivers_room_a,
          grunt_forest_stairs_basic, chequers_serial_rivers_micro_d
Lair:2:   layout_regular_city, minmay_swamp_entry_swarm, portal_ice_cave_rime,
          minivault_23, minmay_lair_oklob_chamber
Lair:3:   layout_small_grid, gammafunk_ghost_hydra_chop
Lair:4:   layout_cave_pods, dummy_snake_entry, basic_altar, beast_lair_carwin_4,
          uniq_rupert
Lair:5:   layout_misc_corridors, kennysheep_abandoned_house
Lair:6:   minmay_lair_end_frog_pond, layout_hall_layers, slime_dummy,
          uniq_nessos
Swamp:1:  layout_basic_swamp, serial_swamp_ruin, evilmike_swamp_ruin_house_2,
          hangedman_swamp_ruin_wall, evilmike_swamp_ruin_wall
Swamp:2:  layout_falls_marsh, gammafunk_ghost_necromancy,
          infiniplex_staircase_pool, uniq_kirke, uniq_aizul, uniq_nikola
Swamp:3:  layout_falls_marsh, evilmike_swamp_ruin_house_6,
          nicolae_swamp_baby_hydras, uniq_roxanne, uniq_bai_suzhen
Swamp:4:  swamp_pestilence, layout_basic_swamp, swamp_pool2,
          evilmike_swamp_ruin_rubble_1
Snake:1:  layout_cave_shapes
Snake:2:  layout_misc_corridors, serial_shops,
          nicolae_shop_temple_entry_statues_fountains, gammafunk_ghost_cemetery
Snake:3:  layout_gridlike, gammafunk_ghost_grave, serial_bayou_pond_b,
          grunt_ministairs_14, uniq_donald
Snake:4:  snake_pit_salamanders_mu, layout_cave_town, serial_bayou_ford_a
Orc:1:    layout_diamond_mine, basic_altar, uniq_sonja
Orc:2:    st_orc_town, layout_caves, nicolae_volcano_entry_vermiform,
          basic_altar
Vaults:1: nicolae_vaults_asterisk, vaults_mumra_minichess_inversion,
          vaults_room_pool, grunt_vaults_bifocal, vaults_room_ringed_pool,
          hangedman_vaults_stagger, nicolae_vaults_little_squares_4,
          hangedman_vaults_snaps, hangedman_vaults_trim,
          nicolae_vaults_yaktaur_gun_rack, ontoclasm_vaults_eye,
          ontoclasm_vaults_loading_screen, ontoclasm_vaults_bender,
          v_alt_pattern_1, ontoclasm_vaults_twist, layout_vaults_maze_snakey
Vaults:2: v_misc_22, vaults_room_large_hall, hangedman_vaults_hat,
          ontoclasm_vaults_ring_square, v_alt_pattern_6,
          vaults_room_grunt_arrival_checkpoint, nicolae_vaults_little_ls,
          nicolae_vaults_network_periphery, special_room_vaults
          [special_room_orc], v_misc_32, grunt_vaults_focal,
          ontoclasm_vaults_tryst, vaults_room_grid, layout_vaults_ring,
          serial_shops, shop
Vaults:3: nicolae_vaults_mini_display_case, vaults_room_mumra_shop_pool,
          ontoclasm_vaults_hangar, v_rooms_3, nicolae_vaults_little_squares_2,
          v_misc_33, minmay_crypt_entry_simple_corners, v_misc_29,
          nicolae_vaults_little_squares_1, nicolae_vaults_shelves_hall,
          v_pattern_4, layout_vaults_omnicross, serial_shops, shop, uniq_xtahua,
          uniq_boris

Skill      XL: |  1  2  3  4  5  6  7  8  9 10 11 12 13 14 15 16 17 18 19 20 21 |
---------------+----------------------------------------------------------------+-----
Crossbows      | 5 6 7 8 9 10 11 12 13 15 17 18 | 18.8
Fighting       | 3 4 5 6 7 8 9 10 11 12 13 14 15 17 18 | 18.1
Maces & Flails | 3 5 7 9 10 12 13 14 | 14.0
Armour         | 1 3 4 5 6 8 9 |  9.6
Invocations    | 4 8 |  8.0
Evocations     | 5 8 |  8.4
Dodging        | 2 5 8 9 |  9.9
Translocations | 6 9 |  9.9
Spellcasting   | 3 6 |  6.5
Stealth        | |  0.4

Action                   |  1- 3 |  4- 6 |  7- 9 | 10-12 | 13-15 | 16-18 | 19-21 || total
-------------------------+-------+-------+-------+-------+-------+-------+-------++-------
Melee: Short sword       |    97 |    66 |       |       |       |       |       ||   163
       Kick              |    18 |    29 |    50 |   232 |   364 |   120 |   528 ||  1341
       Quarterstaff      |       |    52 |     5 |       |       |       |       ||    57
       Whip              |       |       |   195 |   713 |   565 |       |       ||  1473
       Demon blade       |       |       |       |     1 |       |       |       ||     1
       Punch             |       |       |       |     1 |       |       |       ||     1
       Dire flail        |       |       |       |       |   515 |   269 |  1348 ||  2132
       Arbalest          |       |       |       |       |       |       |     3 ||     3
 Fire: Hand crossbow     |    11 |    39 |   112 |   178 |   305 |       |       ||   645
       Triple crossbow   |       |       |       |       |   318 |   164 |   495 ||   977
       Arbalest          |       |       |       |       |       |       |   350 ||   350
Invok: Heroism           |       |       |       |     5 |     7 |     6 |    10 ||    28
       Finesse           |       |       |       |       |     5 |     4 |     8 ||    17
Evoke: Wand              |       |       |       |       |     1 |       |       ||     1
  Use: Scroll            |       |       |    12 |     6 |    16 |     5 |    11 ||    50
       Potion            |       |       |       |       |     2 |     4 |     1 ||     7
 Stab: Sleeping          |       |       |       |       |       |     1 |       ||     1
  Eat: Chunk             |     3 |     8 |     5 |    19 |    45 |     8 |    37 ||   125
       Ration            |       |       |     2 |     4 |     5 |     2 |     5 ||    18
Armor: Leather armour    |    44 |    48 |    79 |   227 |    53 |       |       ||   451
       Chain mail        |       |       |       |    89 |    20 |       |   797 ||   906
       Crystal plate arm |       |       |       |    37 |       |       |       ||    37
       Scale mail        |       |       |       |       |   693 |    28 |       ||   721
       Robe              |       |       |       |       |       |   182 |    56 ||   238
       Ring mail         |       |       |       |       |       |       |   104 ||   104
       Fire dragon scale |       |       |       |       |       |       |     9 ||     9
Dodge: Dodged            |    42 |    68 |   101 |   164 |   327 |   100 |   465 ||  1267
       Repelled          |       |       |       |       |    25 |     8 |   112 ||   145
Block: Other             |       |       |       |       |       |       |    21 ||    21
       Reflection        |       |       |       |       |       |       |     9 ||     9

Table legend:
 A = Non-vault XP
 B = Vault XP
 C = Vault XP percentage of total XP
 D = Non-vault monster count
 E = Vault monster count
 F = Vault count percentage of total count
                 A         B        C        D         E       F
            +---------+---------+-------+---------+---------+-------
      Total |  317098 |  210387 |  39.9 |     995 |     498 |  33.4
            +---------+---------+-------+---------+---------+-------
        D:1 |      45 |       0 |   0.0 |      26 |       0 |   0.0
        D:2 |      77 |     285 |  78.7 |      27 |      11 |  28.9
        D:3 |     174 |      16 |   8.4 |      16 |       5 |  23.8
        D:4 |    1311 |     172 |  11.6 |      16 |       1 |   5.9
        D:5 |    1233 |     440 |  26.3 |      27 |       3 |  10.0
        D:6 |     536 |       0 |   0.0 |      18 |       0 |   0.0
        D:7 |    1042 |       0 |   0.0 |      23 |       0 |   0.0
        D:8 |    2715 |     647 |  19.2 |      29 |       2 |   6.5
        D:9 |    4301 |     913 |  17.5 |      28 |       7 |  20.0
       D:10 |    1874 |    1639 |  46.7 |      26 |       9 |  25.7
       D:11 |    2249 |     990 |  30.6 |      13 |      11 |  45.8
       D:12 |    4402 |       0 |   0.0 |      21 |       0 |   0.0
       D:13 |    9691 |       0 |   0.0 |      32 |       0 |   0.0
       D:14 |   11469 |    8397 |  42.3 |      41 |      23 |  35.9
       D:15 |   11287 |    4767 |  29.7 |      37 |       8 |  17.8
     Lair:1 |    4281 |     181 |   4.1 |      19 |       1 |   5.0
     Lair:2 |    2353 |    3519 |  59.9 |      10 |       9 |  47.4
     Lair:3 |    4681 |    3115 |  40.0 |      18 |       5 |  21.7
     Lair:4 |   10068 |    4143 |  29.2 |      29 |       5 |  14.7
     Lair:5 |    9906 |    2543 |  20.4 |      39 |      21 |  35.0
     Lair:6 |   10112 |   12503 |  55.3 |      31 |      43 |  58.1
    Swamp:1 |   17445 |       0 |   0.0 |      40 |       0 |   0.0
    Swamp:2 |   15025 |    8552 |  36.3 |      35 |       8 |  18.6
    Swamp:3 |   13738 |    9975 |  42.1 |      35 |       6 |  14.6
    Swamp:4 |   15208 |   14862 |  49.4 |      29 |      42 |  59.2
    Snake:1 |   15881 |       0 |   0.0 |      35 |       0 |   0.0
    Snake:2 |   19904 |       0 |   0.0 |      44 |       0 |   0.0
    Snake:3 |   15316 |    8805 |  36.5 |      22 |       7 |  24.1
    Snake:4 |   36256 |   47437 |  56.7 |      74 |      64 |  46.4
      Orc:1 |    3549 |     932 |  20.8 |      26 |       2 |   7.1
      Orc:2 |    1792 |    8808 |  83.1 |      18 |      60 |  76.9
   Vaults:1 |   21148 |   13320 |  38.6 |      44 |      28 |  38.9
   Vaults:2 |   32813 |   25367 |  43.6 |      48 |      52 |  52.0
   Vaults:3 |   15216 |   22023 |  59.1 |      19 |      27 |  58.7
      IceCv |       0 |    3902 | 100.0 |       0 |      28 | 100.0
    Volcano |       0 |    2134 | 100.0 |       0 |      10 | 100.0
            +---------+---------+-------+---------+---------+-------
